 Dungeon Crawl Stone Soup version 0.18.1-50-g88ac8fd (console) character file.

8232 Kloppie the Cleaver (level 11, -18/157 HPs)
             Began as a Hill Orc Berserker on Oct 27, 2016.
             Was a High Priest of Trog.
             Demolished by a large abomination (22 damage)
             ... on level 1 of the Abyss.
             The game lasted 00:15:58 (7774 turns).

Kloppie the Cleaver (Hill Orc Berserker)            Turns: 7774, Time: 00:15:58

Health: -18/157    AC: 36    Str: 31    XL:     11   Next: 27%
Magic:  11/11      EV:  9    Int:  7    God:    Trog [*****.]
Gold:   650        SH:  6    Dex: 13    Spells: 0 memorised, 10 levels left

rFire  . . .     SeeInvis +     a - +0 war axe
rCold  . . .     Gourm    .     b - +15 Maxwell's patent armour {-Cast -Tele rElec MR+ rCorr}
rNeg   . . .     Faith    .     (no shield)
rPois  +         Spirit   .     A - +2 helmet {SInv}
rElec  +         Dismiss  .     M - +0 cloak
rCorr  +         Reflect  +     e - +0 pair of gloves
SustAt .         Harm     .     (no boots)
MR     +++..     NoTele   +     n - +6 amulet of reflection
Stlth  .......... NoCast   +    h - +5 ring of strength
                                m - ring of poison resistance

@: mighty, berserking, recuperating, diseased, very quick, extremely resistant
to hostile enchantments, extremely unstealthy
A: no striking features
a: Berserk, Trog's Hand, Brothers in Arms, Burn Spellbooks, Renounce Religion


You were on level 1 of the Abyss.
You worshipped Trog.
Trog was extremely pleased with you.
You were hungry.

You visited 1 branch of the dungeon, and saw 9 of its levels.
You visited the Abyss 1 time.
You also visited: Bailey.

You collected 670 gold pieces.
You spent 20 gold pieces at shops.

Inventory:

Hand Weapons
 a - a +0 war axe (weapon)
 y - a +1 hand axe of chopping
Armour
 b - the +15 Maxwell's patent armour (worn) {-Cast -Tele rElec MR+ rCorr}
   (You found it on level 7 of the Dungeon)

   It insulates you from electricity.
   It affects your resistance to hostile enchantments.
   It prevents spellcasting.
   It prevents most forms of teleportation.
   It protects you from acid and corrosion.
 e - a +0 pair of gloves (worn)
 A - a +2 helmet of see invisible (worn)
 M - a +0 cloak (worn)
Jewellery
 h - a +5 ring of strength (right hand)
 m - a ring of poison resistance (left hand)
 n - a +6 amulet of reflection (around neck)
 G - a +3 ring of strength
Wands
 q - a wand of hasting (6/9)
 E - a wand of flame (40/48)
 H - a wand of disintegration (14/24)
 K - a wand of flame (33/48)
Scrolls
 d - 6 scrolls of remove curse
 p - a scroll of enchant armour
 u - 2 scrolls of enchant weapon
 w - a scroll of recharging
 x - a scroll of teleportation
 C - 3 scrolls of identify
 D - 2 scrolls of fog
 J - 2 scrolls of acquirement {unknown}
 N - a scroll of magic mapping
Potions
 g - 3 potions of lignification {unknown}
 i - 3 potions of cancellation {unknown}
 j - 5 potions of curing {unknown}
 k - 3 potions of agility
 l - 2 potions of might
 s - 2 potions of heal wounds
 t - 2 potions of beneficial mutation {unknown}
 z - 2 potions of flight
 F - a potion of ambrosia {unknown}
 L - a potion of magic
 O - 2 potions of resistance {unknown}
Books
 B - a book of Annihilations

   Spells                             Type                      Level
   a - Poison Arrow                   Conjuration/Poison           6
   b - Chain Lightning                Conjuration/Air              8
   c - Lehudib's Crystal Spear        Conjuration/Earth            8
   d - Glaciate                       Conjuration/Ice              9
   e - Fire Storm                     Conjuration/Fire             9
   Trog disapproves of the use of such an item.
 I - a Grand Grimoire

   Spells                             Type                      Level
   a - Monstrous Menagerie            Summoning                    7
   b - Summon Greater Demon           Summoning                    7
   c - Malign Gateway                 Summoning/Translocation      7
   d - Summon Horrible Things         Summoning                    8
   Trog disapproves of the use of such an item.
Comestibles
 c - 10 bread rations
 f - 10 chunks of flesh
 o - 3 meat rations
 r - 3 beef jerkies
 v - a royal jelly


   Skills:
 + Level 12.3 Fighting
 + Level 13.2 Axes
 + Level 10.7 Armour
 - Level 1.5 Dodging


You had 10 spell levels left.
You didn't know any spells.

Dungeon Overview and Level Annotations

Branches:
Dungeon (9/15)             Temple (0/1) D:7
   Lair: D:8-11         Orc: D:9-12

Altars:
Ashenzari
Elyvilon
Fedhas
Gozag
Makhleb
Nemelex Xobeh
Okawaru
Qazlal
Ru
Sif Muna
Trog
Vehumet
Xom
Yredelemnul
The Shining One

Shops:
D:4 =

Annotations:
D:8 exclusion: 2 oklob saplings


Message History

You slash the large abomination!
The large abomination is heavily damaged.
The starcursed mass shudders and is absorbed by its neighbour.
You slash the starcursed mass!
The starcursed mass is moderately damaged.
The starcursed mass shudders and is absorbed by its neighbour.
The large abomination hits you but does no damage.
A starcursed mass splits.
A deafening chorus of shrieks assaults your mind!
* * * LOW HITPOINT WARNING * * *
You feel ill.
You hit the starcursed mass but do no damage.
The starcursed mass is heavily damaged.
You slash the starcursed mass!
The starcursed mass is severely damaged.
The starcursed mass shudders and is absorbed by its neighbour.
You slash the large abomination!
The large abomination is severely damaged.
The large abomination hits you!!
You die... #.# #.. .. ###.# . . .XX.. #.. #XX

#. .#
#†#X#.#...
##@Xx....##
#.X#....##
###. x....#
# .#...##.
##..# .#..
# ..##.# .
#.. .#. #
.. #...## #
. #...## #.
.


You could see 6 starcursed masses, an ancient zyme, a large abomination and a
small abomination.

Vanquished Creatures
  5 deep elf magi (Bailey)
  The ghost of coldbreeze the Slicer, a novice KoGl (D:4)
  A raiju (Abyss:1)
  A spriggan (D:8)
  2 wyverns (D:8)
  2 steam dragons (D:8)
  2 hippogriffs
  A hungry ghost (D:8)
  Menkaure (D:7)
  A black bear (D:8)
  A sky beast (D:8)
  An ice beast (D:6)
  6 orc warriors
  2 necrophages
  6 ogres
  3 phantoms
  6 centaurs
  3 giant frogs (D:6)
  3 scorpions
  4 killer bees (D:7)
  3 giant frog zombies
  3 crimson imps
  A centaur zombie (D:6)
  A starcursed mass (Abyss:1)
  5 hounds
  7 orc priests
  A gnoll shaman (D:4)
  4 giant frog skeletons
  3 iguanas
  11 orc wizards
  3 worker ants
  A hound skeleton (D:7)
  Robin (D:4)
  A worker ant zombie (D:8)
  2 howler monkey skeletons
  15 adders
  12 gnolls
  A shadow imp (D:5)
  2 worms
  3 dart slugs
  4 giant geckos
  56 orcs
  8 bats
  7 giant cockroaches
  18 goblins
  16 hobgoblins
  9 jackals
  3 kobolds
  2 quokkas
  8 ball pythons
  A giant gecko zombie (D:6)
  3 giant newts
  8 rats
  A rat zombie (D:9)
276 creatures vanquished.

Notes
Turn   | Place    | Note
--------------------------------------------------------------
     0 | D:1      | Kloppie the Hill Orc Berserker began the quest for the Orb.
     0 | D:1      | Reached XP level 1. HP: 19/19 MP: 1/1
   183 | D:1      | Reached XP level 2. HP: 24/27 MP: 2/2
   699 | D:1      | Reached XP level 3. HP: 33/33 MP: 3/3
   788 | D:2      | Reached ** piety under Trog
   793 | D:2      | Reached skill level 5 in Axes
   972 | D:2      | Found a deep blue altar of Sif Muna.
  1037 | D:2      | Reached XP level 4. HP: 41/41 MP: 4/4
  1133 | D:2      | Reached skill level 5 in Fighting
  1535 | D:3      | Found a faded altar to an unknown god.
  1565 | D:3      | Noticed an ogre
  1574 | D:3      | Killed an ogre
  1574 | D:3      | Reached skill level 6 in Axes
  1574 | D:3      | Reached XP level 5. HP: 45/49 MP: 5/5
  1689 | D:3      | Reached *** piety under Trog
  1689 | D:3      | Reached XP level 6. HP: 57/57 MP: 6/6
  2183 | D:4      | Noticed coldbreeze's ghost (novice KoGl)
  2202 | D:4      | Killed coldbreeze's ghost
  2202 | D:4      | Reached skill level 7 in Axes
  2202 | D:4      | Reached XP level 7. HP: 64/64 MP: 7/7
  2443 | D:4      | Reached skill level 8 in Axes
  2499 | D:4      | Reached skill level 5 in Armour
  2502 | D:4      | Noticed Robin
  2513 | D:4      | Reached XP level 8. HP: 48/71 MP: 8/8
  2750 | D:4      | Killed Robin
  2825 | D:4      | Found a radiant altar of Vehumet.
  2844 | D:4      | Found a sparkling altar of Nemelex Xobeh.
  2864 | D:4      | Found Xioghali's Jewellery Shop.
  2872 | D:4      | Bought a cursed -2 ring of dexterity for 20 gold pieces
  3358 | D:5      | Entered Level 5 of the Dungeon
  3645 | D:5      | Reached skill level 9 in Axes
  3726 | D:5      | Reached **** piety under Trog
  3791 | D:5      | Found an iron altar of Okawaru.
  4293 | D:6      | Reached XP level 9. HP: 68/80 MP: 9/9
  4373 | D:6      | Found a burning altar of Makhleb.
  4548 | D:6      | Found a shimmering altar of Xom.
  4574 | D:6      | Reached skill level 10 in Axes
  4682 | D:6      | You fall through a shaft!
  4793 | D:6      | Found a bloodstained altar of Trog.
  4795 | D:6      | Found a stormy altar of Qazlal.
  4795 | D:6      | Found a shattered altar of Ashenzari.
  4795 | D:6      | Found a blossoming altar of Fedhas.
  4797 | D:6      | Found a sacrificial altar of Ru.
  4799 | D:6      | Found an opulent altar of Gozag.
  4801 | D:6      | Found a glowing golden altar of the Shining One.
  5124 | D:7      | Noticed Menkaure
  5132 | D:7      | Killed Menkaure
  5202 | D:7      | Found a staircase to the Ecumenical Temple.
  5295 | D:7      | Found a white marble altar of Elyvilon.
  5426 | D:7      | Reached skill level 10 in Fighting
  5828 | D:6      | Reached skill level 11 in Axes
  5994 | D:8      | Reached XP level 10. HP: 92/92 MP: 10/10
  6017 | D:8      | Reached ***** piety under Trog
  6086 | D:8      | Found a blossoming altar of Fedhas.
  6986 | D:8      | Reached skill level 12 in Axes
  7380 | D:9      | Found a basalt altar of Yredelemnul.
  7601 | D:9      | Found a flagged portal.
  7606 | D:9      | Reached skill level 10 in Armour
  7623 | Bailey   | Entered a bailey
  7631 | Bailey   | Noticed a deep elf mage
  7635 | Bailey   | Killed a deep elf mage
  7667 | Bailey   | Noticed a deep elf mage
  7667 | Bailey   | Noticed a deep elf mage
  7670 | Bailey   | Noticed a deep elf mage
  7675 | Bailey   | Killed a deep elf mage
  7675 | Bailey   | Reached XP level 11. HP: 90/102 MP: 11/11
  7683 | Bailey   | Killed a deep elf mage
  7683 | Bailey   | Reached skill level 13 in Axes
  7684 | Bailey   | Noticed a deep elf mage
  7688 | Bailey   | Killed a deep elf mage
  7689 | Bailey   | Noticed a deep elf mage
  7690 | Bailey   | Killed a deep elf mage
  7695 | Bailey   | Cast into level 1 of the Abyss (deep elf mage)
  7738 | Abyss:1  | Noticed a starcursed mass
  7757 | Abyss:1  | Noticed a large abomination
  7773 | Abyss:1  | HP: 3/157 [starcursed mass/accursed screaming (14)]
  7774 | Abyss:1  | Demolished by a large abomination

Skill      XL: |  1  2  3  4  5  6  7  8  9 10 11 |
---------------+----------------------------------+-----
Fighting       | 4 5 6 7 8 10 12 | 12.3
Axes           | 5 6 7 8 9 11 12 13 | 13.2
Armour         | 3 4 5 6 8 10 | 10.7
Dodging        | |  1.5

Action                   |  1- 3 |  4- 6 |  7- 9 | 10-12 || total
-------------------------+-------+-------+-------+-------++-------
Melee: Hand axe          |    98 |   163 |   560 |   151 ||   972
       War axe           |       |       |       |   176 ||   176
Invok: Berserk           |     1 |     4 |     9 |     7 ||    21
       Trog's Hand       |       |       |     8 |     5 ||    13
  Use: Scroll            |       |       |    18 |     1 ||    19
       Potion            |       |       |       |     2 ||     2
 Stab: Distracted        |       |     1 |       |       ||     1
  Eat: Chunk             |       |     8 |    23 |    15 ||    46
       Beef jerky        |       |       |     1 |       ||     1
Armor: Scale mail        |    50 |    51 |   111 |       ||   212
       Plate armour      |       |       |    94 |   173 ||   267
Dodge: Dodged            |    71 |    63 |   211 |   130 ||   475
Block: Other             |       |       |   110 |    93 ||   203
       Reflection        |       |       |       |     4 ||     4
